 Dungeon Crawl Stone Soup version 0.21-a0-625-g1119ec1 (webtiles) character file.

11370 tidbits the Martial Artist (level 11, -43/92 HPs)
             Began as a Gnoll Transmuter on Dec 24, 2017.
             Was an Elder of Cheibriados.
             Annihilated by a very large slime creature (69 damage)
             ... on level 13 of the Dungeon.
             The game lasted 00:35:03 (3290 turns).

tidbits the Martial Artist (Gnoll Transmuter)       Turns: 3290, Time: 00:35:04

Health: -43/92     AC:  9    Str: 21    XL:     11   Next: 76%
Magic:  10/23      EV: 21    Int: 29    God:    Cheibriados [****..]
Gold:   292        SH:  0    Dex: 24    Spells: 16/27 levels left

rFire    . . .     SeeInvis .     - Unarmed
rCold    + . .     Gourm    .   (shield currently unavailable)
rNeg     . . .     Faith    .   B - +0 ring mail "Riterr" {MR+ Stlth+}
rPois    .         Spirit   .   A - +2 helmet
rElec    .         Reflect  .   C - scarf {repulsion}
rCorr    .         Harm     +   (gloves currently unavailable)
MR       ++...                  (no boots)
Stlth    ++++......             f - amulet of harm
HPRegen  0.25/turn              q - ring of protection from cold
MPRegen  0.18/turn              t - ring of protection from magic

@: blade hands, very slightly contaminated, repel missiles, very slow
A: distributed training, fangs 1, repulsion field 1, robust 1, sturdy frame 1,
strong nose
a: End Transformation, Bend Time, Temporal Distortion, Slouch, Renounce Religion


You were on level 13 of the Dungeon.
You worshipped Cheibriados.
Cheibriados was greatly pleased with you.
You were hungry.
You had blades for hands.
You visited 2 branches of the dungeon, and saw 14 of its levels.

You collected 472 gold pieces.
You spent 180 gold pieces at shops.

Inventory:

Hand Weapons
 d - a +2 dagger of freezing
   (You found it on level 2 of the Dungeon)
 e - a +0 quarterstaff of freezing
   (You took it off Fannar on level 11 of the Dungeon)
 h - a +2 dire flail
 l - a +0 scythe
 w - a +0 dagger
 G - a +2 hand axe of venom
   (You found it on level 7 of the Dungeon)
 I - a +2 dagger of draining
   (You took it off an orc on level 8 of the Dungeon)
 S - a +0 blowgun
Missiles
 n - 12 tomahawks
 u - 69 stones
 x - a throwing net {!f}
 z - 7 javelins (quivered)
 N - 25 arrows
 T - 13 poisoned needles
Armour
 b - a +0 robe
 p - a +2 robe of cold resistance
   (You took it off Fannar on level 11 of the Dungeon)
 A - a +2 helmet (worn)
 B - the +0 ring mail "Riterr" (worn) {MR+ Stlth+}
   (You bought it in a shop on level 8 of the Dungeon)

   It affects your resistance to hostile enchantments.
   It makes you more stealthy.
 C - a scarf of repulsion (worn)
   (You found it on level 8 of the Dungeon)
 E - a +0 pair of gloves (melded)
 J - a +0 shield
Magical Staves
 M - an uncursed staff of cold {unknown}
   (You found it on level 7 of the Dungeon)
Jewellery
 f - an amulet of harm (around neck)
   (You found it on level 10 of the Dungeon)
 m - an uncursed ring of ice
   (You found it on level 2 of the Dungeon)
 q - a ring of protection from cold (left scythe-like blade)
   (You found it on level 4 of the Dungeon)
 t - a ring of protection from magic (right scythe-like blade)
   (You found it on level 6 of the Dungeon)
 v - an uncursed ring of ice
   (You took it off Fannar on level 11 of the Dungeon)
Wands
 s - a wand of digging (15)
 H - a wand of acid (1)
Scrolls
 g - a scroll of enchant weapon
 i - 2 scrolls of fear
 k - a scroll of magic mapping
 o - 2 scrolls of teleportation
 r - 2 scrolls of remove curse
 y - 3 scrolls of immolation
 D - a scroll of holy word {unknown}
 F - a scroll of fog
 K - 2 scrolls of blinking
 L - 2 scrolls of amnesia
Potions
 a - a potion of flight
 U - 4 potions of curing
Books
 c - a book of Changes

   Spells                             Type                      Level
   a - Beastly Appendage              Transmutation                1
   b - Sticks to Snakes               Transmutation                2
   c - Spider Form                    Transmutation/Poison         3
   d - Ice Form                       Ice/Transmutation            4
   e - Blade Hands                    Transmutation                5
Comestibles
 j - 10 rations


   Skills:
 + Level 7.3 Fighting
 + Level 6.8 Short Blades
 + Level 6.8 Long Blades
 + Level 6.8 Axes
 + Level 6.8 Maces & Flails
 + Level 6.8 Polearms
 + Level 6.8 Staves
 + Level 6.8 Slings
 + Level 6.8 Bows
 + Level 6.8 Crossbows
 + Level 6.8 Throwing
 + Level 6.8 Armour
 + Level 8.3 Dodging
 + Level 6.8 Stealth
 + Level 6.8 Shields
 + Level 9.5 Unarmed Combat
 + Level 8.5 Spellcasting
 + Level 5.6 Conjurations
 + Level 5.6 Hexes
 + Level 5.6 Charms
 + Level 5.6 Summonings
 + Level 5.6 Necromancy
 + Level 5.6 Translocations
 + Level 6.9 Transmutations
 + Level 5.6 Fire Magic
 + Level 5.6 Ice Magic
 + Level 5.6 Air Magic
 + Level 5.6 Earth Magic
 + Level 5.6 Poison Magic
 + Level 7.4 Invocations
 + Level 6.8 Evocations


You had 16 spell levels left.
You knew the following spells:

 Your Spells              Type           Power        Failure   Level  Hunger
e - Beastly Appendage     Tmut           ######       10%         1    None
h - Blade Hands           Tmut           ######....   43%         5    ####...
k - Sticks to Snakes      Tmut           ######..     12%         2    None
p - Spider Form           Tmut/Pois      #####.....   17%         3    None


Dungeon Overview and Level Annotations

Branches:
Dungeon (13/15)            Temple (1/1) D:6            Lair (0/6) D:9
    Orc (0/2) D:10
 Vaults: D:13-14

Altars:
Ashenzari
Cheibriados
Elyvilon
Hepliaklqana
Kikubaaqudgha
Nemelex Xobeh
Okawaru
Qazlal
Sif Muna
Vehumet
Wu Jian
Xom
Zin

Shops:
D:8 [   D:9 :

Annotations:
D:12 exclusion: obsidian statue


Innate Abilities, Weirdness & Mutations

Your experience applies equally to all skills.
You have very sharp teeth.
Your uncanny sense of smell can sniff out nearby items.
You are surrounded by a mild repulsion field. (EV +2)
You are robust. (+10% HP)
Your movements are slightly less encumbered by armour. (ER -2)


Message History

The barbed spikes become lodged in your body.
Your hands revert to their normal proportions.
Your +0 pair of gloves unmelds from your body.
Evoke which item? (* to show all) (? for menu, Esc to quit)
Aiming: Corrosive Bolt
Press: ? - help, Shift-Dir - straight line, f - manticore
Aim: a manticore The bolt of acid hits the manticore.
The manticore is splashed with acid.
The acid corrodes the manticore!
The manticore is heavily wounded.
The manticore flicks its tail.
The volley of spikes is repelled.
Evoke which item? (* to show all) (? for menu, Esc to quit)
Aiming: Corrosive Bolt
Press: ? - help, Shift-Dir - straight line, f/p - manticore
Aim: a manticore (heavily wounded, covered in acid)
The bolt of acid hits the manticore.
The manticore is splashed with acid.
The acid corrodes the manticore!
You kill the manticore!
Cheibriados appreciates the change of pace.
You start resting.
You carefully extract the barbed spikes from your body.
Items here: % ) †† a long sword; an inedible chunk of flesh; a wyvern corpse; an elf corpse A slime creature comes into view. x2
You see here a hydra corpse.
Found a ration.
Found 25 arrows.
You see here a ration.
j - 9 rations (gained 1)
Found a ration.
You see here 25 arrows.
N - 25 arrows
Okay, then.
You see here a ration.
j - 10 rations (gained 1)
Found a stone staircase leading down.
Casting: Blade Hands
Confirm with . or Enter, or press ? or * to list all spells.
Your hands turn into razor-sharp scythe blades.
Your +0 pair of gloves melds into your body.
You are feeling hungry.
You completely miss the slime creature. You shred the slime creature!!!
The slime creature is almost dead.
Your transformation is almost over.
The slime creature completely misses you.
You slice the slime creature!!
You kill the slime creature!
Cheibriados thoroughly appreciates the change of pace.
A slime creature comes into view.
Your hands revert to their normal proportions.
Your +0 pair of gloves unmelds from your body.
Evoke which item? (* to show all) (? for menu, Esc to quit)
Aiming: Corrosive Bolt
Press: ? - help, Shift-Dir - straight line, f - slime creature
Aim: a slime creature The bolt of acid hits the slime creature.
The slime creature is splashed with acid.
The slime creature is heavily wounded.
The bolt of acid hits the slime creature.
The slime creature is splashed with acid.
The slime creature is moderately wounded.
The slime creature hits you.
Two slime creatures merge to form a large slime creature.
Evoke which item? (* to show all) (? for menu, Esc to quit)
Aiming: Corrosive Bolt
Press: ? - help, Shift-Dir - straight line, f/p - slime creature
Aim: a slime creature The bolt of acid hits the large slime creature.
The large slime creature is splashed with acid.
The large slime creature is severely wounded.
The bolt of acid hits the slime creature.
The slime creature is splashed with acid.
The acid corrodes the slime creature!
The slime creature is heavily wounded.
Casting: Blade Hands
Confirm with . or Enter, or press ? or * to list all spells.
You miscast Blade Hands.
You are very lightly contaminated with residual magic.
Your skin tingles.
A bullfrog zombie comes into view.
Casting: Blade Hands
Confirm with . or Enter, or press ? or * to list all spells.
Your hands turn into razor-sharp scythe blades.
Your +0 pair of gloves melds into your body.
The large slime creature hits you!!
Two slime creatures merge to form a very large slime creature.
You shred the very large slime creature!!!
The very large slime creature is almost dead.
You hit the very large slime creature.
The very large slime creature is almost dead.
The very large slime creature hits you!!
* * * LOW HITPOINT WARNING * * *
You slash the very large slime creature!
The very large slime creature is almost dead.
The very large slime creature is no longer covered in acid.
The very large slime creature hits you!!!
Ouch! That really hurt!
You die...

#.###.....##.#####J.#
#....####### #..#
####.# #.J# #.# #.J.
#.# ∆ #.# #.# .#
#.#############...#
#..........@JZ.>..#
################..#


You could see a very large slime creature and a bullfrog zombie.

Vanquished Creatures
  Fannar (D:11)
  A hydra (D:13)
  The ghost of Curus the Spear-Bearer, a novice MfGl of Yredelemnul (D:8)
  A fire crab (shapeshifter) (D:13)
  A wolf spider zombie (D:13)
  A deep elf mage (D:13)
  2 manticores (D:13)
  2 centaur skeletons (D:11)
  A redback zombie (D:13)
  Grinder (D:5)
  5 slime creatures (D:13)
  A spriggan (D:10)
  A wyvern (D:13)
  A soldier ant (D:13)
  A black bear (D:6)
  A sky beast (D:5)
  2 orc warriors (D:9)
  2 necrophages (D:10)
  An ogre (D:4)
  A big kobold (D:9)
  A gnoll sergeant (D:11)
  2 wyvern zombies
  2 bullfrogs
  A scorpion (D:7)
  A howler monkey (D:6)
  A wight (D:10)
  3 bullfrog zombies
  A centaur zombie (D:5)
  A jelly (D:8)
  A crimson imp (D:9)
  4 hounds
  5 orc priests
  5 orc wizards
  2 worker ants
  6 iguanas
  A hound skeleton (D:5)
  A hound zombie (D:6)
  2 howler monkey zombies (D:5)
  11 gnolls
  2 adders
  2 shadow imps
  2 oozes
  4 adder zombies
  3 worms
  A dart slug (D:2)
  5 leopard geckos
  27 orcs
  A ball python (D:2)
  3 giant cockroaches
  3 goblins (D:1)
  4 hobgoblins
  7 jackals
  A quokka (D:7)
  6 bats
  12 kobolds
  A quokka zombie (D:5)
  6 rats
169 creatures vanquished.

Vanquished Creatures (collateral kills)
  A hippogriff (D:9)
  A kobold (D:10)
2 creatures vanquished.

Grand Total: 171 creatures vanquished

Notes
Turn   | Place    | Note
-------+----------+-------------------------------------------
     0 | D:1      | tidbits the Gnoll Transmuter began the quest for the Orb.
     0 | D:1      | Reached XP level 1. HP: 17/17 MP: 6/6
    81 | D:1      | Reached XP level 2. HP: 20/23 MP: 5/7
    85 | D:1      | Learned a level 2 spell: Sticks to Snakes
   342 | D:2      | Reached XP level 3. HP: 23/28 MP: 7/9
   358 | D:1      | Learned a level 3 spell: Spider Form
   388 | D:1      | Reached skill level 5 in Spellcasting
   504 | D:2      | Reached skill level 1 in Invocations
   591 | D:3      | Reached skill level 1 in Short Blades
   591 | D:3      | Reached skill level 1 in Long Blades
   591 | D:3      | Reached skill level 1 in Axes
   591 | D:3      | Reached skill level 1 in Maces & Flails
   591 | D:3      | Reached skill level 1 in Polearms
   591 | D:3      | Reached skill level 1 in Staves
   591 | D:3      | Reached skill level 1 in Slings
   591 | D:3      | Reached skill level 1 in Bows
   591 | D:3      | Reached skill level 1 in Crossbows
   591 | D:3      | Reached skill level 1 in Throwing
   591 | D:3      | Reached skill level 1 in Armour
   591 | D:3      | Reached skill level 1 in Stealth
   591 | D:3      | Reached skill level 1 in Shields
   591 | D:3      | Reached skill level 1 in Evocations
   595 | D:3      | Reached XP level 4. HP: 27/34 MP: 2/11
   663 | D:5      | Entered Level 5 of the Dungeon
   670 | D:5      | Noticed Grinder
   685 | D:5      | Killed Grinder
   685 | D:5      | Reached skill level 3 in Fighting
   685 | D:5      | Reached skill level 1 in Conjurations
   685 | D:5      | Reached skill level 1 in Hexes
   685 | D:5      | Reached skill level 1 in Charms
   685 | D:5      | Reached skill level 1 in Summonings
   685 | D:5      | Reached skill level 1 in Necromancy
   685 | D:5      | Reached skill level 1 in Translocations
   685 | D:5      | Reached skill level 4 in Transmutations
   685 | D:5      | Reached skill level 1 in Fire Magic
   685 | D:5      | Reached skill level 1 in Ice Magic
   685 | D:5      | Reached skill level 1 in Air Magic
   685 | D:5      | Reached skill level 1 in Earth Magic
   685 | D:5      | Reached skill level 1 in Poison Magic
   685 | D:5      | Reached skill level 2 in Invocations
   685 | D:5      | Reached XP level 5. HP: 36/41 MP: 3/12
   685 | D:5      | Reached XP level 6. HP: 42/47 MP: 3/14
   757 | D:5      | Noticed a sky beast
   764 | D:5      | Killed a sky beast
   764 | D:5      | Reached skill level 2 in Short Blades
   764 | D:5      | Reached skill level 2 in Long Blades
   764 | D:5      | Reached skill level 2 in Axes
   764 | D:5      | Reached skill level 2 in Maces & Flails
   764 | D:5      | Reached skill level 2 in Polearms
   764 | D:5      | Reached skill level 2 in Staves
   764 | D:5      | Reached skill level 2 in Slings
   764 | D:5      | Reached skill level 2 in Bows
   764 | D:5      | Reached skill level 2 in Crossbows
   764 | D:5      | Reached skill level 2 in Throwing
   764 | D:5      | Reached skill level 2 in Armour
   764 | D:5      | Reached skill level 5 in Dodging
   764 | D:5      | Reached skill level 2 in Stealth
   764 | D:5      | Reached skill level 2 in Shields
   764 | D:5      | Reached skill level 2 in Evocations
   862 | D:4      | Reached skill level 7 in Unarmed Combat
   862 | D:4      | Reached XP level 7. HP: 51/52 MP: 15/15
  1113 | D:6      | Reached skill level 2 in Conjurations
  1113 | D:6      | Reached skill level 2 in Hexes
  1113 | D:6      | Reached skill level 2 in Charms
  1113 | D:6      | Reached skill level 2 in Summonings
  1113 | D:6      | Reached skill level 2 in Necromancy
  1113 | D:6      | Reached skill level 2 in Translocations
  1113 | D:6      | Reached skill level 2 in Fire Magic
  1113 | D:6      | Reached skill level 2 in Ice Magic
  1113 | D:6      | Reached skill level 2 in Air Magic
  1113 | D:6      | Reached skill level 2 in Earth Magic
  1113 | D:6      | Reached skill level 2 in Poison Magic
  1139 | D:6      | Found a staircase to the Ecumenical Temple.
  1145 | Temple   | Entered the Ecumenical Temple
  1232 | Temple   | Became a worshipper of Cheibriados the Contemplative
  1363 | D:6      | Reached skill level 3 in Invocations
  1488 | D:6      | Reached XP level 8. HP: 56/60 MP: 12/16
  1582 | D:7      | Reached skill level 4 in Fighting
  1582 | D:7      | Reached skill level 3 in Short Blades
  1582 | D:7      | Reached skill level 3 in Long Blades
  1582 | D:7      | Reached skill level 3 in Axes
  1582 | D:7      | Reached skill level 3 in Maces & Flails
  1582 | D:7      | Reached skill level 3 in Polearms
  1582 | D:7      | Reached skill level 3 in Staves
  1582 | D:7      | Reached skill level 3 in Slings
  1582 | D:7      | Reached skill level 3 in Bows
  1582 | D:7      | Reached skill level 3 in Crossbows
  1582 | D:7      | Reached skill level 3 in Throwing
  1582 | D:7      | Reached skill level 3 in Armour
  1582 | D:7      | Reached skill level 3 in Stealth
  1582 | D:7      | Reached skill level 3 in Shields
  1582 | D:7      | Reached skill level 3 in Evocations
  1596 | D:7      | Reached * piety under Cheibriados
  1699 | D:8      | Noticed Curus's ghost (novice MfGl)
  1729 | D:8      | Killed Curus's ghost
  1729 | D:8      | Reached skill level 6 in Spellcasting
  1729 | D:8      | Reached skill level 3 in Conjurations
  1729 | D:8      | Reached skill level 3 in Hexes
  1729 | D:8      | Reached skill level 3 in Charms
  1729 | D:8      | Reached skill level 3 in Summonings
  1729 | D:8      | Reached skill level 3 in Necromancy
  1729 | D:8      | Reached skill level 3 in Translocations
  1729 | D:8      | Reached skill level 3 in Fire Magic
  1729 | D:8      | Reached skill level 3 in Ice Magic
  1729 | D:8      | Reached skill level 3 in Air Magic
  1729 | D:8      | Reached skill level 3 in Earth Magic
  1729 | D:8      | Reached skill level 3 in Poison Magic
  1729 | D:8      | Reached skill level 4 in Invocations
  1743 | D:8      | Reached XP level 9. HP: 22/66 MP: 8/18
  1859 | D:7      | Reached skill level 6 in Dodging
  1883 | D:8      | Found Puuddaw's Antique Armour Shop.
  1891 | D:8      | Bought a translucent ring mail for 180 gold pieces
  1901 | D:8      | Identified the cursed +0 ring mail "Riterr" {MR+ Stlth+} (You bought it in a shop on level 8 of the Dungeon)
  2016 | D:8      | Reached skill level 5 in Transmutations
  2104 | D:10     | Entered Level 10 of the Dungeon
  2120 | D:9      | Reached ** piety under Cheibriados
  2242 | D:9      | Found Mieckah's Book Emporium.
  2245 | D:9      | Reached skill level 4 in Short Blades
  2245 | D:9      | Reached skill level 4 in Long Blades
  2245 | D:9      | Reached skill level 4 in Axes
  2245 | D:9      | Reached skill level 4 in Maces & Flails
  2245 | D:9      | Reached skill level 4 in Polearms
  2245 | D:9      | Reached skill level 4 in Staves
  2245 | D:9      | Reached skill level 4 in Slings
  2245 | D:9      | Reached skill level 4 in Bows
  2245 | D:9      | Reached skill level 4 in Crossbows
  2245 | D:9      | Reached skill level 4 in Throwing
  2245 | D:9      | Reached skill level 4 in Armour
  2245 | D:9      | Reached skill level 4 in Stealth
  2245 | D:9      | Reached skill level 4 in Shields
  2245 | D:9      | Reached skill level 4 in Evocations
  2329 | D:9      | Found a staircase to the Lair.
  2444 | D:9      | Reached skill level 5 in Fighting
  2479 | D:9      | Reached skill level 6 in Fighting
  2479 | D:9      | Reached skill level 5 in Short Blades
  2479 | D:9      | Reached skill level 5 in Long Blades
  2479 | D:9      | Reached skill level 5 in Axes
  2479 | D:9      | Reached skill level 5 in Maces & Flails
  2479 | D:9      | Reached skill level 5 in Polearms
  2479 | D:9      | Reached skill level 5 in Staves
  2479 | D:9      | Reached skill level 5 in Slings
  2479 | D:9      | Reached skill level 5 in Bows
  2479 | D:9      | Reached skill level 5 in Crossbows
  2479 | D:9      | Reached skill level 5 in Throwing
  2479 | D:9      | Reached skill level 5 in Armour
  2479 | D:9      | Reached skill level 7 in Dodging
  2479 | D:9      | Reached skill level 5 in Stealth
  2479 | D:9      | Reached skill level 5 in Shields
  2479 | D:9      | Reached skill level 8 in Unarmed Combat
  2479 | D:9      | Reached skill level 7 in Spellcasting
  2479 | D:9      | Reached skill level 4 in Conjurations
  2479 | D:9      | Reached skill level 4 in Hexes
  2479 | D:9      | Reached skill level 4 in Charms
  2479 | D:9      | Reached skill level 4 in Summonings
  2479 | D:9      | Reached skill level 4 in Necromancy
  2479 | D:9      | Reached skill level 4 in Translocations
  2479 | D:9      | Reached skill level 6 in Transmutations
  2479 | D:9      | Reached skill level 4 in Fire Magic
  2479 | D:9      | Reached skill level 4 in Ice Magic
  2479 | D:9      | Reached skill level 4 in Air Magic
  2479 | D:9      | Reached skill level 4 in Earth Magic
  2479 | D:9      | Reached skill level 4 in Poison Magic
  2479 | D:9      | Reached skill level 6 in Invocations
  2479 | D:9      | Reached skill level 5 in Evocations
  2479 | D:9      | Reached XP level 10. HP: 32/77 MP: 19/21
  2636 | D:10     | Reached skill level 9 in Unarmed Combat
  2643 | D:10     | Noticed a skeletal warrior
  2663 | D:10     | Found a staircase to the Orcish Mines.
  2699 | D:10     | Learned a level 5 spell: Blade Hands
  2713 | D:11     | Reached *** piety under Cheibriados
  2788 | D:10     | Gained mutation: Your movements are slightly less encumbered by armour. (ER -2) [potion of mutation]
  2788 | D:10     | Gained mutation: You are robust. (+10% HP) [potion of mutation]
  2788 | D:10     | Gained mutation: You are surrounded by a mild repulsion field. (EV +2) [potion of mutation]
  2805 | D:11     | Noticed Fannar
  2807 | D:11     | Reached skill level 6 in Short Blades
  2807 | D:11     | Reached skill level 6 in Long Blades
  2807 | D:11     | Reached skill level 6 in Axes
  2807 | D:11     | Reached skill level 6 in Maces & Flails
  2807 | D:11     | Reached skill level 6 in Polearms
  2807 | D:11     | Reached skill level 6 in Staves
  2807 | D:11     | Reached skill level 6 in Slings
  2807 | D:11     | Reached skill level 6 in Bows
  2807 | D:11     | Reached skill level 6 in Crossbows
  2807 | D:11     | Reached skill level 6 in Throwing
  2807 | D:11     | Reached skill level 6 in Armour
  2807 | D:11     | Reached skill level 6 in Stealth
  2807 | D:11     | Reached skill level 6 in Shields
  2807 | D:11     | Reached skill level 6 in Evocations
  2822 | D:11     | Killed Fannar
  2822 | D:11     | Reached skill level 8 in Spellcasting
  2822 | D:11     | Reached skill level 5 in Conjurations
  2822 | D:11     | Reached skill level 5 in Hexes
  2822 | D:11     | Reached skill level 5 in Charms
  2822 | D:11     | Reached skill level 5 in Summonings
  2822 | D:11     | Reached skill level 5 in Necromancy
  2822 | D:11     | Reached skill level 5 in Translocations
  2822 | D:11     | Reached skill level 5 in Fire Magic
  2822 | D:11     | Reached skill level 5 in Ice Magic
  2822 | D:11     | Reached skill level 5 in Air Magic
  2822 | D:11     | Reached skill level 5 in Earth Magic
  2822 | D:11     | Reached skill level 5 in Poison Magic
  2824 | D:11     | Reached XP level 11. HP: 56/91 MP: 18/23
  2917 | D:12     | Noticed an obsidian statue
  2967 | D:12     | Noticed a five-headed hydra
  2977 | D:12     | Noticed a brown ugly thing
  2988 | D:13     | Noticed a vault guard
  2988 | D:13     | Noticed a vault guard
  2997 | D:13     | Noticed a manticore
  3041 | D:13     | Noticed a manticore
  3046 | D:13     | Killed a manticore
  3134 | D:13     | Reached skill level 7 in Invocations
  3139 | D:13     | Reached skill level 7 in Fighting
  3139 | D:13     | Reached skill level 8 in Dodging
  3153 | D:13     | Noticed a fire crab
  3155 | D:13     | Killed a fire crab
  3166 | D:13     | Noticed an eight-headed hydra
  3172 | D:13     | Killed an eight-headed hydra
  3172 | D:13     | Reached **** piety under Cheibriados
  3176 | D:13     | Noticed a deep elf mage
  3182 | D:13     | Killed a deep elf mage
  3187 | D:13     | Killed a manticore
  3290 | D:13     | Annihilated by a very large slime creature

Vault maps used:
D:1:      mushboom_english_gardens, corexii_corridor_pit
D:2:      minmay_domino_4
D:4:      serial_shops, nicolae_shop_behind_doors, tso_altar
D:5:      chequers_temple_overflow_minitemple, first_ration, uniq_grinder,
          uniq_sigmund
D:6:      minmay_temple_entry_hall, kennysheep_generic_room_16
D:7:      abandoned_shop
D:8:      serial_shops, shop
D:9:      grunt_gozag_breadcrumbs, lair_entry_dummy, serial_shops, shop
D:10:     orc_0_dummy, serial_shops, kennysheep_little_box,
          hangedman_stone_soup, uniq_maurice, uniq_harold
D:11:     basic_altar, serial_shops, shop, uniq_fannar
D:12:     serial_bayou_pond_e, minivault_15
D:13:     erik_vaults_2, serial_shops, shop, uniq_frances, uniq_josephine
Temple:   dpeg_five_rooms_temple

Skill      XL: |  1  2  3  4  5  6  7  8  9 10 11 |
---------------+----------------------------------+-----
Spellcasting   | 5 6 7 8 |  8.5
Invocations    | 1 2 3 4 6 7 |  7.4
Short Blades   | 1 2 3 5 6 |  6.8
Long Blades    | 1 2 3 5 6 |  6.8
Axes           | 1 2 3 5 6 |  6.8
Maces & Flails | 1 2 3 5 6 |  6.8
Polearms       | 1 2 3 5 6 |  6.8
Staves         | 1 2 3 5 6 |  6.8
Slings         | 1 2 3 5 6 |  6.8
Bows           | 1 2 3 5 6 |  6.8
Crossbows      | 1 2 3 5 6 |  6.8
Throwing       | 1 2 3 5 6 |  6.8
Armour         | 1 2 3 5 6 |  6.8
Stealth        | 1 2 3 5 6 |  6.8
Shields        | 1 2 3 5 6 |  6.8
Evocations     | 1 2 3 5 6 |  6.8
Fighting       | 3 4 6 7 |  7.3
Conjurations   | 1 2 3 4 5 |  5.6
Hexes          | 1 2 3 4 5 |  5.6
Charms         | 1 2 3 4 5 |  5.6
Summonings     | 1 2 3 4 5 |  5.6
Necromancy     | 1 2 3 4 5 |  5.6
Translocations | 1 2 3 4 5 |  5.6
Transmutations | 4 6 |  6.9
Fire Magic     | 1 2 3 4 5 |  5.6
Ice Magic      | 1 2 3 4 5 |  5.6
Air Magic      | 1 2 3 4 5 |  5.6
Earth Magic    | 1 2 3 4 5 |  5.6
Poison Magic   | 1 2 3 4 5 |  5.6
Dodging        | 5 7 8 |  8.3
Unarmed Combat | 7 8 9 |  9.5

Action                   |  1- 3 |  4- 6 |  7- 9 | 10-12 || total
-------------------------+-------+-------+-------+-------++-------
Melee: Unarmed           |    73 |    34 |   219 |    76 ||   402
       Headbutt          |     7 |       |       |       ||     7
       Bite              |     4 |       |       |     5 ||     9
       Kick              |     3 |       |       |       ||     3
       Short sword       |     8 |       |     1 |       ||     9
       Spear             |       |       |     1 |       ||     1
       Dagger            |       |       |       |     4 ||     4
       Punch             |       |       |       |     1 ||     1
 Cast: Beastly Appendage |     9 |       |       |       ||     9
       Spider Form       |     6 |     7 |    29 |     4 ||    46
       Sticks to Snakes  |       |       |    11 |     5 ||    16
       Blade Hands       |       |       |       |     8 ||     8
Invok: Bend Time         |       |       |       |     1 ||     1
 Abil: End Transformatio |       |       |     2 |     7 ||     9
Evoke: Wand              |       |       |    15 |    26 ||    41
  Use: Potion            |       |     3 |     5 |     1 ||     9
       Scroll            |       |       |     9 |    11 ||    20
 Stab: Sleeping          |       |     2 |     2 |     4 ||     8
       Invisible         |       |       |     4 |       ||     4
       Distracted        |       |       |     1 |     1 ||     2
  Eat: Chunk             |       |       |     6 |     2 ||     8
Armor: Robe              |    13 |       |     2 |       ||    15
       Skin              |     1 |       |     3 |       ||     4
       Ring mail         |       |       |     4 |     9 ||    13
Dodge: Dodged            |    76 |    22 |   206 |    65 ||   369
       Deflected         |       |       |       |     1 ||     1

Table legend:
 A = Spawn XP
 B = Non-spawn XP
 C = Spawn XP percentage of total XP
 D = Spawn monster count
 E = Non-spawn monster count
 F = Spawn count percentage of total count
 G = Total turns spent on level
                    A         B        C        D         E        F      G
               +---------+---------+-------+---------+---------+-------+---------
         Total |       0 |   12669 |   0.0 |       0 |     171 |   0.0 |  3290
               +---------+---------+-------+---------+---------+-------+---------
           D:1 |       0 |      30 |   0.0 |       0 |      16 |   0.0 |   216
           D:2 |       0 |      32 |   0.0 |       0 |      17 |   0.0 |   263
           D:3 |       0 |      63 |   0.0 |       0 |       9 |   0.0 |   173
           D:4 |       0 |     178 |   0.0 |       0 |       7 |   0.0 |   158
           D:5 |       0 |     517 |   0.0 |       0 |       8 |   0.0 |   270
           D:6 |       0 |     450 |   0.0 |       0 |      18 |   0.0 |   289
           D:7 |       0 |     228 |   0.0 |       0 |      13 |   0.0 |   288
           D:8 |       0 |    1170 |   0.0 |       0 |      21 |   0.0 |   311
           D:9 |       0 |    1014 |   0.0 |       0 |      21 |   0.0 |   420
          D:10 |       0 |     592 |   0.0 |       0 |       8 |   0.0 |   185
          D:11 |       0 |    2089 |   0.0 |       0 |      13 |   0.0 |   173
          D:13 |       0 |    6306 |   0.0 |       0 |      20 |   0.0 |   303
               +---------+---------+-------+---------+---------+-------+---------

Table legend:
 A = Turns spent in this place as a percentage of turns spent in the entire game.
 B = Non-inter-level travel turns spent in this place as a percentage of non-inter-level travel turns spent in the entire game.
 C = Inter-level travel turns spent in this place as a percentage of turns spent in this place.
 D = Turns resting spent in this place as a percentage of non-inter-level travel turns spent in this place.
 E = Turns spent auto-exploring this place as a percentage of non-inter-level travel turns spent in this place.
 F = Non-inter-level travel turns spent in this place divided by the number of levels of this place that you've seen.
                   A       B       C       D       E      F
               +-------+-------+-------+-------+-------+----------------------
         Total | 100.0 | 100.0 |   2.5 |   0.2 |   0.0 | 229.2
       Dungeon |  95.0 |  97.2 |   0.2 |   0.2 |   0.0 | 240.0
        Temple |   5.0 |   2.8 |  45.4 |   0.0 |   0.0 |  89.0
               +-------+-------+-------+-------+-------+----------------------

Table legend:
 A = Kills in this place as a percentage of kills in entire the game.
 B = Kills by you in this place as a percentage of kills by you in the entire game.
 C = Kills by friends in this place as a percentage of kills by friends in the entire game.
 D = Other kills in this place as a percentage of other kills in the entire game.
 E = Experience gained in this place as a percentage of experience gained in the entire game.
 F = Experience gained in this place divided by the number of levels of this place that you have seen.
                   A       B       C       D       E      F
               +-------+-------+-------+-------+-------+----------------------
         Total | 100.0 | 100.0 | 100.0 |   N/A | 100.0 | 904.9
       Dungeon | 100.0 | 100.0 | 100.0 |   N/A | 100.0 | 974.5
               +-------+-------+-------+-------+-------+----------------------

Vault maps used:
D:1:      mushboom_english_gardens, corexii_corridor_pit
D:2:      minmay_domino_4
D:4:      serial_shops, nicolae_shop_behind_doors, tso_altar
D:5:      chequers_temple_overflow_minitemple, first_ration, uniq_grinder,
          uniq_sigmund
D:6:      minmay_temple_entry_hall, kennysheep_generic_room_16
D:7:      abandoned_shop
D:8:      serial_shops, shop
D:9:      grunt_gozag_breadcrumbs, lair_entry_dummy, serial_shops, shop
D:10:     orc_0_dummy, serial_shops, kennysheep_little_box,
          hangedman_stone_soup, uniq_maurice, uniq_harold
D:11:     basic_altar, serial_shops, shop, uniq_fannar
D:12:     serial_bayou_pond_e, minivault_15
D:13:     erik_vaults_2, serial_shops, shop, uniq_frances, uniq_josephine
Temple:   dpeg_five_rooms_temple
